 Dungeon Crawl Stone Soup version 0.17.1-3-g152610e (webtiles) character file.

627 ololoev the Cudgeler (level 7, -2/52 HPs)
             Began as a Mummy Chaos Knight on May 4, 2016.
             Slain by a centaur (7 damage)
             ... on level 6 of the Dungeon.
             The game lasted 00:06:37 (4321 turns).

ololoev the Cudgeler (Mummy Chaos Knight)           Turns: 4321, Time: 00:06:37

Health: -2/52      AC: 14    Str: 18    XL:     7   Next: 23%
Magic:  7/7        EV:  5    Int: 16    God:    Xom [......]
Gold:   322        SH:  0    Dex: 11    Spells: 0 memorised, 6 levels left

rFire  x . .     SeeInvis .     a - +0 mace (chaos)
rCold  + . .     Clarity  .     i - +0 plate armour
rNeg   + + +     SustAt   .     (no shield)
rPois  ∞         Gourm    .     (no helmet)
rElec  .         Spirit   .     o - +0 cloak
rCorr  .         Warding  .     (no gloves)
rMut   .         Stasis   .     m - +0 pair of boots
MR     .....                    (no amulet)
Stlth  ..........               (no ring)
                                k - +5 ring of intelligence

@: not resistant to hostile enchantments, extremely unstealthy
A: no food or potions, fire vulnerability, cold resistance 1, negative energy
resistance 3, torment resistance, unbreathing
a: Renounce Religion


Innate Abilities, Weirdness & Mutations

You do not eat or drink.
Your flesh is vulnerable to fire.
You are immune to poison.
Your flesh is cold resistant.
You are immune to negative energy.
You are immune to unholy pain and torment.
You can survive without breathing.

Inventory:

Hand Weapons
 a - a +0 mace of chaos (weapon)
Armour
 i - a +0 plate armour (worn)
 m - a +0 pair of boots (worn)
 o - a +0 cloak (worn)
Jewellery
 k - a +5 ring of intelligence (left hand)
Scrolls
 b - a scroll of blinking {unknown}
 c - a scroll of magic mapping {unknown}
 d - a scroll of recharging
 e - a scroll of noise {unknown}
 f - a scroll of immolation {unknown}
 g - 5 scrolls of identify
 j - a scroll of enchant weapon {unknown}
 l - a scroll of remove curse {unknown}
 n - a scroll of fear {unknown}


   Skills:
 - Level 3.0 Fighting
 * Level 5.8 Maces & Flails
 + Level 4.1 Armour
 - Level 0.7 Dodging


You had 6 spell levels left.
You didn't know any spells.


You were on level 6 of the Dungeon.
You worshipped Xom.
You were a very special plaything of Xom.
You were not hungry.

You visited 1 branch of the dungeon, and saw 6 of its levels.

You collected 322 gold pieces.

###
#####.#####
#.........##.
#...<@$......
#.....c...###
#.>.......#
#####.###.#
### #

Notes
Turn   | Place    | Note
--------------------------------------------------------------
     0 | D:1      | ololoev the Mummy Chaos Knight began the quest for the Orb.
     0 | D:1      | Reached XP level 1. HP: 18/18 MP: 1/1
    39 | D:1      | XOM: silly message
   100 | D:1      | Reached XP level 2. HP: 18/24 MP: 2/2
   265 | D:1      | XOM: divination: detect items
   597 | D:1      | Reached XP level 3. HP: 26/29 MP: 3/3
  1049 | D:2      | Found a shattered altar of Ashenzari.
  1286 | D:2      | Found a glowing silver altar of Zin.
  1433 | D:3      | XOM: smoke on damage
  1589 | D:3      | XOM: harmless Ice miscast
  2077 | D:3      | Reached XP level 4. HP: 27/35 MP: 4/4
  2110 | D:3      | XOM: divination: detect creatures
  2474 | D:3      | XOM: colour smoke trail
  2787 | D:4      | XOM: potion effect (heal wounds)
  2790 | D:4      | Reached skill level 4 in Maces & Flails
  2790 | D:4      | Reached XP level 5. HP: 35/41 MP: 5/5
  2794 | D:4      | XOM: harmless Pois miscast
  2998 | D:4      | XOM: potion effect (brilliance)
  3004 | D:4      | Reached XP level 6. HP: 41/47 MP: 6/6
  3125 | D:4      | Found a stormy altar of Qazlal.
  3125 | D:4      | Found a shimmering altar of Xom.
  3134 | D:4      | XOM: potion effect (agility)
  3379 | D:4      | XOM: divination: detect creatures
  3476 | D:5      | Entered Level 5 of the Dungeon
  3488 | D:5      | Reached skill level 5 in Maces & Flails
  3490 | D:5      | XOM: silly message
  3501 | D:5      | Noticed Grinder
  3510 | D:5      | XOM: harmless Hex miscast
  3528 | D:5      | XOM: silly message
  3532 | D:5      | Paralysed by Grinder for 4 turns
  3846 | D:5      | XOM: potion effect (brilliance)
  3847 | D:5      | XOM: harmless Summ miscast
  3859 | D:5      | Paralysed by something for 4 turns
  3869 | D:5      | Killed Grinder
  3869 | D:5      | Reached XP level 7. HP: 24/52 MP: 7/7
  3896 | D:5      | XOM: silly message
  4203 | D:5      | Noticed Prince Ribbit
  4248 | D:5      | Noticed pedritolo's ghost (amateur VSTm)
  4279 | D:5      | XOM: fog
  4280 | D:5      | XOM: enchant monster (good)
  4316 | D:6      | XOM: noise
  4316 | D:6      | XOM: chaos upgrade
  4321 | D:6      | Slain by a centaur

Dungeon Overview and Level Annotations

Branches:
Dungeon (6/15)
 Temple: D:4-7

Altars:
Ashenzari
Qazlal
Xom
Zin

Annotations:
D:5 Prince Ribbit; pedritolo's ghost, amateur VSTm


Message History

Read which item? (? for menu, Esc to quit)
As you read the scroll labeled VABUOL NINAO, it crumbles to dust.
It is a scroll of recharging.
You aren't carrying any rechargeable items.
Prince Ribbit barely misses you.
Prince Ribbit blinks! "Forecast: mostly cloudy."
Read which item? (? for menu, Esc to quit)
As you read the scroll labeled GIMUSA DEEPT, it crumbles to dust.
It is a scroll of identify.
Identify which item? (\ to view known items) (? for menu, Esc to quit)
h - a scroll of teleportation "This might be better!"
Pedritolo's ghost seems to slow down.
Read which item? (? for menu, Esc to quit)
As you read the scroll of teleportation, it crumbles to dust.
You feel strangely unstable.
Prince Ribbit hits you but does no damage.
Prince Ribbit hits you.
Your surroundings suddenly seem different.
There is a stone staircase leading down here.
You climb downwards.
Xom makes a sudden noise!
You hear maniacal laughter.
A centaur comes into view.
The centaur shouts!
Xom's power touches on a nearby weapon.
The centaur's shortbow is briefly surrounded by a scintillating aura of random colours.
You hear a bark!
You hear a shout!
Found 21 gold pieces.
Found a stone staircase leading down.
There is a stone staircase leading up here.
Unknown command.
The centaur hits you.
Your plate armour prevents you from hitting the centaur.
The centaur hits you but does no damage. x2
You hit the centaur but do no damage.
The centaur hits you but does no damage.
You hit the centaur but do no damage. The centaur hits you.
The centaur hits you!
You hit the centaur but do no damage. The centaur hits you!
You die...
Xom howls with laughter!

You could see a centaur.

Vanquished Creatures
  Grinder (D:5)
  A scorpion (D:5)
  2 hounds
  5 orc wizards (D:4)
  A worker ant (D:4)
  7 adders
  A gnoll (D:1)
  A river rat (D:5)
  2 oozes
  An adder zombie (D:5)
  A worm (D:3)
  4 giant geckos
  2 orcs (D:4)
  5 giant cockroaches
  3 goblins (D:3)
  A hobgoblin (D:2)
  3 jackals (D:1)
  8 kobolds
  2 ball pythons
  A ball python zombie (D:5)
  8 bats
  6 giant newts
  7 rats
73 creatures vanquished.

Vanquished Creatures (others)
  A plant (D:5)
1 creature vanquished.

Grand Total: 74 creatures vanquished

Action                   |  1- 3 |  4- 6 |  7- 9 || total
-------------------------+-------+-------+-------++-------
Melee: Mace              |   105 |   159 |    24 ||   288
  Use: Scroll            |       |       |     3 ||     3
 Stab: Petrifying        |     1 |       |       ||     1

Vault maps used:
D:1:      evilmike_arrival_rings
D:2:      lemuel_round_altar, old_standard_altar
D:4:      gammafunk_temple_overflow_wave, minmay_misc_feat_chi
D:5:      wad_woods_tower, first_bread, uniq_edmund, uniq_prince_ribbit1,
          uniq_grinder
D:6:      tso_metal_star, nicolae_overflow_crystal_walls,
          minmay_temple_entry_metal_lava, serial_corexii_hall,
          corexii_hall_statues_i, corexii_hall_statues_i,
          hangedman_decor_riveting
